 Dungeon Crawl Stone Soup version 0.13.2 (webtiles) character file.

751 sanboga the Shield-Bearer (level 7, -3/60 HPs)
             Began as a Minotaur Fighter on Mar 13, 2017.
             Was an Initiate of Okawaru.
             Killed by divine providence
             ... invoked by an orc priest
              (11 damage)
             ... on Level 4 of the Dungeon.
             The game lasted 00:22:33 (6060 turns).

sanboga the Shield-Bearer (Minotaur Fighter)        Turns: 6060, Time: 00:22:34

HP  -3/60        AC 13     Str 21      XL: 7   Next: 31%
MP  11/11        EV  5     Int  5      God: Okawaru [......]
Gold 87          SH 21     Dex 11      Spells:  0 memorised,  6 levels left

Res.Fire  : . . .   See Invis. : .   j - +3,+1 elf long sword
Res.Cold  : . . .   Warding    : .   q - +0 chain mail
Life Prot.: . . .   Conserve   : .   c - +0 shield
Res.Poison: .       Res.Corr.  : .   (helmet restricted)
Res.Elec. : .       Clarity    : .   b - +2 cloak
Sust.Abil.: + .     Spirit.Shd : .   (no gloves)
Res.Mut.  : .       Stasis     : .   (no boots)
Res.Rott. : .       Flight     : .   l - amulet of the gourmand
Gourmand  : +                        o - ring of magical power
                                     k - ring of sustain abilities

@: slightly resistant to hostile enchantments, extremely unstealthy
A: retaliatory headbutt, horns 2
a: Renounce Religion


You were on level 4 of the Dungeon.
You worshipped Okawaru.
Okawaru was noncommittal.
You were very hungry.

You visited 2 branches of the dungeon, and saw 5 of its levels.
You also visited: Sewer.

You collected 276 gold pieces.
You spent 209 gold pieces at shops.

Inventory:

Hand weapons
 j - a +3,+1 elven long sword (weapon)
 u - a +0 blowgun
Missiles
 e - 44 stones (quivered)
 t - 28 poisoned needles
Armour
 b - a +2 cloak (worn)
 c - a +0 shield (worn)
 q - a +0 chain mail (worn)
Comestibles
 d - 3 bread rations
 g - a meat ration
Scrolls
 f - a scroll of teleportation
 i - a scroll of fog
 n - a scroll of recharging
Jewellery
 k - a ring of sustain abilities (left hand)
 l - an amulet of the gourmand (around neck)
 o - a ring of magical power (right hand)
Potions
 a - 2 potions of brilliance
 h - a potion of heal wounds
 m - a potion of curing


   Skills:
 + Level 5.2 Fighting
   Level 2.1 Short Blades
 + Level 3.4 Long Blades
 + Level 5.7 Armour
 + Level 4.0 Dodging
 + Level 0.5 Stealth
 + Level 6.1 Shields


You had 6 spell levels left.
You didn't know any spells.

Dungeon Overview and Level Annotations

Branches:
Dungeon (4/27)             Temple (1/1) D:4

Altars:
Ashenzari
Elyvilon
Fedhas
Makhleb
Nemelex Xobeh
Okawaru
Sif Muna
Trog
Vehumet
Yredelemnul

Shops:
D:4 *[%


Innate Abilities, Weirdness & Mutations

You reflexively headbutt those who attack you in melee.
You have a pair of horns on your head.


Message History

Okawaru accepts your kill.
You hit the orc.
You kill the orc!
Okawaru accepts your kill.
You hit the orc priest.
You headbutt the orc priest, but do no damage.
The orc priest is lightly wounded.
The orc priest unwields an uncursed orcish club.
The orc priest drops an uncursed orcish club.
The orc priest picks up an orcish mace.
The orc priest wields an orcish mace.
You hit the orc priest.
The orc priest is moderately wounded.
The orc priest picks up an uncursed orcish club.
You slash the orc priest!
The orc priest is almost dead.
The orc priest hits you with an orcish mace.
* * * LOW HITPOINT WARNING * * *
The orc priest mumbles some strange prayers to Beogh against you.
Something smites you!
You die...

#.####.# ###
#......# ..#
#.####.# #.#
#.# #.#######
#.#
#.####........
#g#
#.##.........#
#o#
#.##.####.....
#o# #[##.#
#..... #@#
#.##.# #.....
#(###.##.#
####..
#####.#...##.#
#.(..
##.....######.#
#.∩..
#.#...(######.#
#....
#..#..(.......#
###..
#...#.#########
### #####.!...#
####
#...#....##
#...


You could see an orc priest, an orc and a goblin.

Vanquished Creatures
  An ogre (D:4)
  2 big kobolds (Sewer)
  A scorpion (D:4)
  An iguana (D:4)
  A worker ant (D:4)
  Ijyb (D:4)
  11 adders
  2 big fish zombies (D:2)
  5 green rats
  8 worms
  An adder skeleton (D:4)
  5 grey rats
  2 giant eyeballs (D:4)
  An iguana skeleton (D:4)
  An ooze (Sewer)
  14 orcs
  2 ball pythons (Sewer)
  4 giant cockroaches
  8 goblins
  8 hobgoblins
  3 jackals (D:2)
  A quokka (D:4)
  8 bats
  3 giant geckos
  4 giant newts
  7 kobolds
  7 rats
112 creatures vanquished.

Vanquished Creatures (others)
  An orc wizard (D:4)
1 creature vanquished.

Grand Total: 113 creatures vanquished

Notes
Turn   | Place    | Note
--------------------------------------------------------------
     0 | D:1      | sanboga, the Minotaur Fighter, began the quest for the Orb.
     0 | D:1      | Reached XP level 1. HP: 19/19 MP: 0/0
   210 | D:1      | Reached XP level 2. HP: 23/26 MP: 0/0
   234 | D:1      | Reached skill level 4 in Armour
   461 | D:1      | Paralysed by a potion of paralysis for 6 turns
   954 | D:2      | Reached XP level 3. HP: 9/33 MP: 1/1
  1176 | D:2      | Found a basalt altar of Yredelemnul.
  1471 | D:2      | Reached skill level 1 in Dodging
  1471 | D:2      | Reached XP level 4. HP: 32/40 MP: 1/1
  1990 | D:3      | Found a glowing drain.
  2003 | D:3      | Reached skill level 1 in Long Blades
  2034 | Sewer    | Entered a sewer
  2771 | Sewer    | Noticed a big kobold
  2787 | Sewer    | Reached XP level 5. HP: 14/46 MP: 1/1
  2820 | Sewer    | Killed a big kobold
  2820 | Sewer    | Reached skill level 5 in Armour
  2820 | Sewer    | Reached skill level 5 in Shields
  3413 | Sewer    | Reached XP level 6. HP: 42/53 MP: 2/2
  3865 | Sewer    | Noticed a big kobold
  3881 | Sewer    | Killed a big kobold
  4821 | D:4      | Noticed Ijyb
  4850 | D:4      | Killed Ijyb
  4990 | D:4      | Found Toiwifapn's Food Emporium.
  5120 | D:4      | Found a blossoming altar of Fedhas.
  5256 | D:4      | Found Opaorghon's Antique Armour Emporium.
  5339 | D:4      | Paralysed by a giant eyeball for 3 turns
  5361 | D:4      | Reached XP level 7. HP: 46/60 MP: 2/2
  5463 | D:4      | Found a staircase to the Ecumenical Temple.
  5493 | Temple   | Entered the Ecumenical Temple
  5513 | Temple   | Became a worshipper of Warmaster Okawaru
  5557 | D:4      | Reached skill level 5 in Fighting
  5557 | D:4      | Reached skill level 6 in Shields
  5725 | D:4      | Found Brischi's Assorted Antiques.
  5732 | D:4      | Bought a chain mail for 209 gold pieces
  6060 | D:4      | Killed from afar by an orc priest

Action                   |  1- 3 |  4- 6 |  7- 9 || total
-------------------------+-------+-------+-------++-------
Melee: Short sword       |    43 |       |       ||    43
       Long sword        |    45 |   389 |    50 ||   484
       Sabre             |       |    44 |       ||    44
  Use: Scroll            |     4 |     9 |     1 ||    14
       Potion            |     1 |     8 |       ||     9
